 Dungeon Crawl Stone Soup version 0.31-a0-846-gb3bcc0d938 (webtiles) character file.

Game seed: 61551491565604597

58 lunkers the Ruffian (level 4, 0/25 HPs)
             Began as a Meteoran Shapeshifter on Oct 3, 2023.
             Was an Initiate of Ashenzari.
             Slain by a goblin
             ... wielding a +0 dagger
             ... led by Robin
              (4 damage)
             ... on level 2 of the Dungeon.
             The game lasted 00:01:49 (518 turns).

lunkers the Ruffian (Meteoran Shapeshifter)          Turns: 518, Time: 00:01:50

Health: 0/25       AC:  6    Str: 16    XL:     4   Next: 43%
Magic:  5/5        EV: 11    Int: 11    God:    Ashenzari [......]
Gold:   9          SH:  0    Dex: 15    Spells: 3/3 levels left

rFire   . .          .
                       - Unarmed
rCold   . . .        (shield currently unavailable)
rNeg    . . .        i - +0 ring mail
rPois   .            (no helmet)
rElec   .            e - +0 cloak of Ashenzari's Inaction {Elem, Fort} (curse)
rCorr   .            (no gloves)
SInv    .            (no boots)
Will    .....        (no amulet)
Stlth   +            (no ring)
HPRegen 0.24/turn    (no ring)
MPRegen 0.09/turn

%: no passive effects
@: flux-form, glowing
A: glow, contaminating, reduced hp, sense surroundings 1, otherworldly, glowing,
explore regen
a: Begin Untransformation, Renounce Religion, Shatter the Chains


You were on level 2 of the Dungeon.
You worshipped Ashenzari.
Ashenzari was noncommittal.
You were something dangerously unstable.
You visited 1 branch of the dungeon, and saw 2 of its levels.

You collected 9 gold pieces.

Inventory:

Armour
 e - the cursed +0 cloak of Ashenzari's Inaction (worn) {Elem, Fort}
   (You found it on level 1 of the Dungeon)

   It has a curse which improves the following skills: Elements: Fire Magic, Ice
   Magic, Air Magic and Earth Magic.
   Fortitude: Armour and Shields.
 i - a +0 ring mail (worn)
 j - a +0 pair of boots
Talismans
 c - a beast talisman
 d - a flux talisman (active)
Scrolls
 a - a scroll of poison {unknown}
 f - 2 scrolls of identify {unknown}
 h - a scroll of teleportation {unknown}
Potions
 b - a potion of lignification
 g - 3 potions of berserk rage {unknown}


   Skills:
 - Level 1.1 Fighting
 - Level 2.1 Dodging
 * Level 5.1 Unarmed Combat
 + Level 4.3 Shapeshifting


You had 3 spell levels left.
You didn't know any spells.
Your spell library was empty.

Dungeon Overview and Level Annotations

Branches:
Dungeon (2/15) Zot: 689

Altars:
Ashenzari

Annotations:
D:2 Robin


Innate Abilities, Weirdness & Mutations

You are something dangerously unstable.
You glow with magical radiation, making you easy to see and hit.
Foes you strike become dangerously contaminated with magical radiation.
Your maximum health is decreased, since you lack skill for your form.
You are incapable of wielding weapons or throwing items.
You passively map a small area around you.
You are easily found by Zot.
You glow in the dark.
You regain HP and MP as you explore.


Message History

You barely miss the goblin. The goblin barely misses you.
The goblin hits you with a +0 dagger.
You barely miss the goblin. The goblin barely misses you. x2
A goblin comes into view. It is wielding a +0 club.
You closely miss the goblin. The goblin hits you with a +0 club.
* * * LOW HITPOINT WARNING * * *
The goblin hits you with a +0 dagger.
* * * LOW HITPOINT WARNING * * *
The goblin closely misses you.
You hit the goblin.
You kill the goblin!
A goblin comes into view. It is wielding a +0 dagger.
The goblin barely misses you. The goblin hits you but does no damage.
Unknown command.
You closely miss the goblin.
The goblin shouts!
You hear a shout!
The goblin hits you but does no damage.
You hit the goblin.
You kill the goblin!
The goblin hits you with a +0 dagger.
* * * LOW HITPOINT WARNING * * *
The hobgoblin closely misses you.
A goblin comes into view. It is wielding a +0 club.
You hit the goblin.
The goblin begins to glow.
The goblin is moderately wounded.
The goblin closely misses you. The hobgoblin closely misses you.
Robin throws the goblin at you!
Unknown command.
You closely miss Robin. The goblin barely misses you.
Robin throws the goblin at you!
Unknown command.
You hit Robin but do no damage.
Robin begins to glow.
The goblin hits you but does no damage. The goblin hits you with a +0 club.
* * * LOW HITPOINT WARNING * * *
The hobgoblin hits you but does no damage.
Robin hits you but does no damage.
You hit Robin.
Robin glows dangerously bright.
Robin is moderately wounded.
The goblin hits you with a +0 dagger.
You die...

####........[.....#
#......).......#
#..............#
##...#.........# ,,
* #...+.........# *
#...#.........####
#.......#........# *
#.......#..g.g...###
,
##.<....#...pg.<....
#......#...gg......
#......'.......###.
, #....).##...?..#
#)†....###....g# ,
#.†....# #.#..... ,
######## #.#...## ,
#.#...., , #.


You could see Robin (heavy contam), a hobgoblin (strong) and 4 goblins.

Vanquished Creatures
  A gnoll (D:1)
  A worm (D:2)
  A dart slug (D:1)
  3 bats (D:1)
  6 endoplasms
  A giant cockroach (D:1)
  6 goblins
  3 hobgoblins
  5 kobolds
  4 ball pythons (D:1)
  A frilled lizard (D:1)
  7 rats
39 creatures vanquished.

Notes
Turn   | Place    | Note
-------+----------+-------------------------------------------
     0 | D:1      | lunkers the Meteoran Shapeshifter began the quest for the
                  | Orb.
     0 | D:1      | Reached XP level 1. HP: 16/16 MP: 2/2
   100 | D:1      | Reached skill level 4 in Unarmed Combat
   100 | D:1      | Reached XP level 2. HP: 23/23 MP: 3/3
   162 | D:1      | Found a faded altar of an unknown god.
   166 | D:1      | Reached XP level 3. HP: 26/28 MP: 4/4
   183 | D:1      | Prayed at the altar of an unknown god.
   183 | D:1      | Became a worshipper of Ashenzari the Shackled
   460 | D:2      | Reached XP level 4. HP: 19/35 MP: 5/5
   474 | D:2      | Reached skill level 5 in Unarmed Combat
   504 | D:2      | Noticed Robin
   518 | D:2      | Slain by a goblin

Illustrated notes

Levels and vault maps discovered:
D:1:      minmay_arrival_doors, layout_basic, chequers_ecumenical_altar_simple
D:2:      layout_basic, basic_altar, lexackson_kobold_supper, uniq_terence,
          uniq_robin

Skill      XL: |  1  2  3  4 |
---------------+-------------+-----
Unarmed Combat | 4 5 |  5.1
Shapeshifting  | 4 |  4.3
Fighting       | |  1.1
Dodging        | |  2.1

Action                     |  1- 3 |  4- 6 || total
---------------------------+-------+-------++-------
  Melee: Unarmed           |    56 |    40 ||    96
         Punch             |     1 |       ||     1
 Invoke: Curse Item        |     1 |       ||     1
 Armour: Animal skin       |    17 |       ||    17
         Ring mail         |    17 |    31 ||    48
  Dodge: Dodged            |    40 |    35 ||    75
   Form: Flux              |     1 |       ||     1

Table legend: (Time is in decaauts)
 A = Elapsed time spent in this place.
 B = Non-inter-level travel time spent in this place.
 C = Inter-level travel time spent in this place.
 D = Time resting spent in this place.
 E = Time spent auto-exploring this place.
 F = Levels seen in this place.
 G = Mean time per level.
                   A        B        C        D        E       F      G
               +--------+--------+--------+--------+--------+-----+--------+
         Total |    509 |    509 |      0 |      0 |    279 |   2 |  254.5 |
       Dungeon |    509 |    509 |      0 |      0 |    279 |   2 |  254.5 |
               +--------+--------+--------+--------+--------+-----+--------+

Top non-repeatable levels by time:
     D:1: 429 daAuts
     D:2: 79 daAuts
